 Dungeon Crawl Stone Soup version 0.30-a0-778-g2ef04afb54 (webtiles) character file.

Game seed: 9572039603818267880

17 sircluck the Sneak (level 2, 0/23 HPs)
             Began as a Vampire Delver on Feb 15, 2023.
             Slain by a jackal (1 damage)
             ... on level 5 of the Dungeon.
             The game lasted 00:00:13 (80 turns).

sircluck the Sneak (Vampire Delver)                   Turns: 80, Time: 00:00:13

Health: 0/23       AC:  3    Str: 11    XL:     2   Next: 44%
Magic:  2/2        EV: 12    Int: 12    God:
Gold:   6          SH:  0    Dex: 15    Spells: 1/1 levels left

rFire   . . .      SeeInvis +    a - +0 short sword
rCold   . . .      Faith    .    (no shield)
rNeg    . . .      Spirit   .    b - +0 leather armour
rPois   .          Reflect  .    (no helmet)
rElec   .          Harm     .    (no cloak)
rCorr   .          Rampage  .    (no gloves)
Will    .....                    (no boots)
Stlth   ++++                     (no amulet)
HPRegen 0.43/turn                (no ring)
MPRegen 0.08/turn                (no ring)

@: healing quickly
A: alive, fangs 3, see invisible, vampiric 1
a: Exsanguinate


You were on level 5 of the Dungeon.
You visited 1 branch of the dungeon, and saw 1 of its levels.

You collected 6 gold pieces.

Inventory:

Hand Weapons
 a - a +0 short sword (weapon)
Armour
 b - a +0 leather armour (worn)
Wands
 g - a wand of digging (3)
Scrolls
 c - a scroll of fog
 d - a scroll of magic mapping
 e - a scroll of fear
Potions
 f - a potion of haste
 h - 2 potions of ambrosia {unknown}


   Skills:
 + Level 2.8 Fighting
 + Level 2.3 Short Blades
 + Level 2.3 Dodging
 + Level 7.9 Stealth


You had one spell level left.
You didn't know any spells.
Your spell library was empty.

Dungeon Overview and Level Annotations

Branches:
Dungeon (5/15)
 Temple: D:4-7

Altars:


Innate Abilities, Weirdness & Mutations

Your natural rate of healing is accelerated.
You have razor-sharp teeth.
You have supernaturally acute eyesight. (SInv)
You are afflicted with vampirism.


Message History

The slug dart hits you.
* * * LOW HITPOINT WARNING * * *
The ufetubus hits you.
* * * LOW HITPOINT WARNING * * *
The ufetubus barely misses you.
You closely miss the ufetubus.
The ufetubus is lightly wounded.
The jackal bites you but does no damage.
The jackal closely misses you. The ufetubus closely misses you.
The ufetubus barely misses you. The jackal barely misses you.
The dart slug misses you.
You barely miss the ufetubus.
The ufetubus is lightly wounded.
The jackal misses you. The ufetubus misses you.
The ufetubus closely misses you.
The jackal bites you but does no damage.
The jackal closely misses you.
You hit the ufetubus.
The ufetubus is heavily wounded.
The ufetubus misses you. The ufetubus hits you.
* * * LOW HITPOINT WARNING * * *
The jackal bites you but does no damage.
The dart slug launches a dart at you. The slug dart misses you.
The jackal barely misses you.
You hit the ufetubus.
The ufetubus is severely wounded.
The ufetubus barely misses you. The ufetubus hits you.
* * * LOW HITPOINT WARNING * * *
The jackal misses you. The jackal closely misses you.
The ufetubus hits you but does no damage.
The ufetubus closely misses you.
You hit the ufetubus.
You kill the ufetubus!
The jackal barely misses you. The jackal closely misses you.
The dart slug launches a dart at you. The slug dart hits you.
* * * LOW HITPOINT WARNING * * *
The jackal barely misses you. The jackal barely misses you.
The jackal bites you.
You die...

#############
........(...#
#..........# ####
#..........# #...
#..........# ##..#
#.....)....# ####..#
#..........###....#
#.....@hw.........#
####..h....####.#.# #
......##..## #..#.# #
....... ##.####.##.## #
....(..###...##.##).## #
.<.........#..#.###..###
.......###.##...####...#
##.#### #...#....####.#
###..#.#..###..


You could see a dart slug and 2 jackals.

Vanquished Creatures
  An adder (D:5)
  An ufetubus (D:5)
  2 jackals (D:5)
4 creatures vanquished.

Notes
Turn   | Place    | Note
-------+----------+-------------------------------------------
     0 | D:5      | sircluck the Vampire Delver began the quest for the Orb.
     0 | D:5      | Reached XP level 1. HP: 17/17 MP: 1/1
    32 | D:5      | Reached XP level 2. HP: 23/23 MP: 2/2
    79 | D:5      | HP: 1/23 [dart slug/slug dart (3)]
    80 | D:5      | Slain by a jackal

Illustrated notes

Levels and vault maps discovered:
D:5:      layout_rooms, gammafunk_ghost_necromancy, minmay_fractal_squares_5,
          uniq_menkaure

Action                     || total
---------------------------++-------
  Melee: Short sword       ||    25
         Bite              ||     1
   Stab: Sleeping          ||     1
 Armour: Leather armour    ||    18
  Dodge: Dodged            ||    60

Table legend: (Time is in decaauts)
 A = Elapsed time spent in this place.
 B = Non-inter-level travel time spent in this place.
 C = Inter-level travel time spent in this place.
 D = Time resting spent in this place.
 E = Time spent auto-exploring this place.
 F = Levels seen in this place.
 G = Mean time per level.
                   A        B        C        D        E       F      G
               +--------+--------+--------+--------+--------+-----+--------+
         Total |     77 |     77 |      0 |      0 |     42 |   1 |   77.0 |
       Dungeon |     77 |     77 |      0 |      0 |     42 |   1 |   77.0 |
               +--------+--------+--------+--------+--------+-----+--------+

Top non-repeatable levels by time:
     D:5: 77 daAuts
